AoeStats
← 唉呦我的媽

Fortress

509065748Analyzed
4v4 RM · 7d ago on Sep 25, 2026· 59m 30s· 8 players
Game mode
Random Map
Map size
Huge
Population
200
Speed
Normal
Resources
Standard
Victory
Conquest
Starting age
Dark Age
Ending age
Imperial Age
RankedLock teamsTeams togetherTeam positionsShared explorationLock speedFull tech treeHidden civsTurbo modeCheats
Victory
Defeat
🇵🇱 Malians · Poland
951
+16
🇩🇪 Saxons · Germany
950
+16
🇹🇷 Franks · Türkiye
947
+16
🇧🇪 Britons · Belgium
893
+18
🇮🇳 Persians · India
1027
-19
🇹🇼 Burgundians · Taiwan
961
-17
🇨🇳 Khmer · China
927
-16
🇻🇳 Bengalis · Vietnam
875
-14
摘星怪
7:44 Feudal Age
11:42 Castle Age
9:40 Double-Bit Axe
10:00 Horse Collar
13:10 Bow Saw
14:18 Heavy Plow
15:43 Loom
16:33 Wheelbarrow
19:30 Hand Cart
20:54 Stone Mining
22:55 Gold Mining
25:13 Gold Shaft Mining
25:47 Stone Shaft Mining
28:49 Imperial Age
28:13 Tusk Swords
28:58 Fletching
29:09 Padded Archer Armor
30:20 Conscription
30:03 Double Crossbow
29:24 Elite Ballista Elephant
32:01 Bloodlines
31:51 Husbandry
31:12 Light Cavalry
31:16 Capped Ram
32:12 Siege Ram
33:26 Hussar
37:28 Fortified Wall
37:29 Masonry
38:20 Chemistry
37:22 Bodkin Arrow
37:42 Leather Archer Armor
39:05 Caravan
46:13 Bracer
46:43 Ring Archer Armor
唉呦我的媽
8:14 Feudal Age
13:02 Castle Age
11:53 Double-Bit Axe
12:23 Horse Collar
13:26 Bow Saw
13:41 Heavy Plow
15:18 Two-Man Saw
15:22 Crop Rotation
16:13 Wheelbarrow
17:02 Burgundian Vineyards
17:31 Hand Cart
19:09 Gold Mining
20:55 Fortified Wall
21:10 Stone Mining
21:23 Treadmill Crane
22:33 Gold Shaft Mining
23:38 Forging
23:34 Scale Barding Armor
24:26 Stone Shaft Mining
25:04 Caravan
28:09 Imperial Age
25:27 Town Watch
27:00 Iron Casting
26:58 Town Patrol
29:22 Conscription
29:06 Husbandry
30:12 Blast Furnace
29:35 Chain Barding Armor
29:02 Elite Coustillier
31:19 Masonry
53:02 Scale Mail Armor
53:06 Squires
52:52 Arson
52:28 Man-at-Arms
54:30 Chain Mail Armor
53:47 Long Swordsman
54:26 Two-Handed Swordsman
55:25 Champion
55:29 Pikeman
56:13 Halberdier
56:32 Flemish Revolution
57:51 Plate Mail Armor
nm18
5:42 Loom
8:45 Feudal Age
12:29 Castle Age
10:30 Double-Bit Axe
10:36 Horse Collar
13:41 Bow Saw
13:43 Heavy Plow
15:05 Wheelbarrow
17:42 Town Watch
19:53 Hand Cart
28:35 Imperial Age
28:03 Stone Mining
28:04 Gold Mining
28:06 Fletching
28:17 Padded Archer Armor
28:29 Masonry
28:40 Ballistics
29:38 Elite Elephant Archer
30:25 Paiks
30:41 Conscription
30:18 Bodkin Arrow
30:39 Leather Archer Armor
31:41 Chemistry
31:54 Bracer
32:25 Ring Archer Armor
31:58 Husbandry
32:08 Bloodlines
32:41 Fortified Wall
33:01 Architecture
33:38 Guilds
33:59 Coinage
33:58 Murder Holes
36:49 Two-Man Saw
36:20 Crop Rotation
36:28 Gold Shaft Mining
36:33 Town Patrol
39:06 Banking
38:37 Caravan
41:32 Light Cavalry
43:56 Forging
43:52 Scale Barding Armor
44:44 Elite Battle Elephant
47:25 Iron Casting
47:11 Chain Barding Armor
49:44 Blast Furnace
49:21 Plate Barding Armor
52:47 Siege Engineers
54:29 Siege Elephant
57:48 Elite Skirmisher
快乐的小跑
5:39 Feudal Age
12:11 Castle Age
10:10 Double-Bit Axe
11:08 Horse Collar
12:38 Horse Collar
13:22 Bow Saw
15:29 Loom
18:27 Heavy Plow
19:46 Loom
20:25 Bloodlines
22:34 Husbandry
24:50 Gold Mining
28:19 Imperial Age
26:17 Masonry
27:40 Forging
27:31 Scale Mail Armor
27:31 Padded Archer Armor
27:40 Scale Barding Armor
29:09 Wheelbarrow
28:20 Town Watch
29:51 Chemistry
28:39 Cavalier
30:28 Architecture
31:01 Savar
31:49 Fletching
32:00 Scale Mail Armor
35:00 Chain Mail Armor
34:45 Padded Archer Armor
35:21 Iron Casting
35:07 Chain Barding Armor
34:42 Bodkin Arrow
39:24 Blast Furnace
38:54 Plate Mail Armor
38:39 Leather Archer Armor
48:58 Light Cavalry
55:46 Caravan
58:02 Kamandaran
58:56 Crossbowman
59:42 Thumb Ring
Hymoteptep
9:11 Feudal Age
9:26 Loom
10:23 Horse Collar
10:32 Double-Bit Axe
13:05 Castle Age
11:04 Gold Mining
11:36 Loom
14:11 Heavy Plow
14:25 Bow Saw
20:03 Stone Mining
21:06 Wheelbarrow
20:20 Town Watch
22:04 Gold Shaft Mining
22:25 Hand Cart
23:06 Town Patrol
27:08 Imperial Age
25:24 Pikeman
26:18 Forging
26:08 Scale Mail Armor
26:13 Squires
28:18 Iron Casting
28:07 Halberdier
29:12 Fletching
29:26 Padded Archer Armor
30:41 Conscription
32:23 Blast Furnace
31:40 Chain Mail Armor
37:58 Onager
39:08 Caravan
40:33 Plate Mail Armor
40:03 Bodkin Arrow
42:10 Two-Man Saw
41:41 Yeomen
41:25 Warwolf
40:47 Elite Longbowman
48:05 Bracer
48:30 Leather Archer Armor
50:35 Fortified Wall
51:44 Ring Archer Armor
54:44 Chemistry
53:37 Heated Shot
[doGs] Charlie the Bird.
0:30 Loom
8:31 Feudal Age
13:01 Castle Age
11:26 Double-Bit Axe
12:24 Stone Mining
12:16 Horse Collar
12:54 Town Watch
14:51 Bow Saw
21:03 Sanctity
22:17 Wheelbarrow
21:45 Gold Mining
24:06 Hand Cart
24:52 Fortified Wall
25:49 Murder Holes
26:49 Town Patrol
27:28 Gold Shaft Mining
27:44 Masonry
31:26 Imperial Age
30:46 Ballistics
30:07 Treadmill Crane
29:50 Clerical Recruitment
30:23 Fletching
30:43 Forging
30:34 Scale Mail Armor
30:36 Padded Archer Armor
35:04 Hoardings
34:50 Conscription
34:36 Squires
33:56 Pikeman
34:59 Conscription
34:48 Thumb Ring
34:03 Crossbowman
34:40 Bodkin Arrow
35:21 Iron Casting
35:02 Chain Mail Armor
34:13 Elite Skirmisher
34:58 Gambesons
34:59 Arson
35:15 Halberdier
37:40 Chemistry
37:11 Architecture
37:46 Two-Man Saw
36:49 Heavy Plow
36:54 Bracer
37:20 Elite Varangian Guard
41:20 Plate Mail Armor
41:05 Leather Archer Armor
40:58 Shield Wall
42:30 Arbalester
42:31 Cranequins
42:31 Heavy Mounted Crossbowman
43:07 Capped Ram
43:07 Onager
52:34 Caravan
53:05 Coinage
53:07 Elite Hearth Troop
54:23 Ring Archer Armor
53:58 Scale Barding Armor
59:27 Chain Barding Armor
Alpha
0:32 Loom
8:04 Feudal Age
12:44 Castle Age
11:53 Double-Bit Axe
12:39 Gold Mining
12:40 Stone Mining
24:11 Imperial Age
21:21 Pikeman
23:04 Squires
23:23 Scale Mail Armor
24:17 Bow Saw
24:46 Gold Shaft Mining
24:21 Scale Barding Armor
26:37 Fortified Wall
27:29 Chemistry
26:24 Cavalier
27:57 Wheelbarrow
27:48 Halberdier
29:03 Chain Mail Armor
29:32 Ballistics
29:25 Masonry
29:40 Hand Cart
30:56 Padded Archer Armor
31:08 Forging
30:56 Onager
32:49 Plate Mail Armor
42:36 Paladin
46:23 Husbandry
51:02 Caravan
53:37 Chain Barding Armor
53:53 Iron Casting
53:09 Fletching
57:37 Coinage
59:16 Elite Skirmisher
Helenka
7:28 Feudal Age
12:00 Castle Age
10:13 Double-Bit Axe
13:21 Wheelbarrow
12:32 Loom
15:05 Horse Collar
21:46 Gold Mining
21:47 Stone Mining
22:11 Bow Saw
23:51 Forging
23:44 Scale Mail Armor
29:58 Imperial Age
27:44 Hand Cart
28:13 Gold Shaft Mining
28:13 Stone Shaft Mining
27:41 Heavy Plow
28:06 Ballistics
27:56 Masonry
27:58 Fortified Wall
29:28 Iron Casting
29:08 Chain Mail Armor
28:57 Squires
28:42 Arson
28:19 Pikeman
30:04 Elite Gbeto
31:05 Conscription
32:54 Plate Mail Armor
38:32 Fletching
38:42 Padded Archer Armor
39:11 Elite Skirmisher
39:56 Thumb Ring
39:51 Bodkin Arrow
40:12 Leather Archer Armor
42:09 Ring Archer Armor
Connection lost

Rejoining the realm…

Still unreachable

The connection could not be restored.

Session expired

The server has moved on; the page needs a fresh start.